 Dungeon Crawl Stone Soup version 0.30-a0-21-g5d08c37080 (webtiles) character file.

Game seed: 9107980922476198357

53 Plasmagod the Slasher (level 3, -1/19 HPs)
             Began as a Vine Stalker Fighter on Aug 24, 2022.
             Succumbed to a kobold's poison
             ... on level 3 of the Dungeon.
             The game lasted 00:02:15 (1176 turns).

Plasmagod the Slasher (Vine Stalker Fighter)        Turns: 1176, Time: 00:02:16

Health: -1/19      AC:  8    Str: 18    XL:     3   Next: 89%
Magic:  4/4        EV: 13    Int: 14    God:
Gold:   90         SH:  0    Dex: 15    Spells: 2/2 levels left

rFire   . . .      SeeInvis .    p - +0 long sword (protect)
rCold   . . .      Faith    .    c - +0 buckler
rNeg    . . .      Spirit   +    b - +0 scale mail
rPois   .          Reflect  .    (no helmet)
rElec   .          Harm     .    h - +0 cloak
rCorr   .          Rampage  .    k - +0 pair of gloves
Will    .....                    (no boots)
Stlth   ..........               (no amulet)
HPRegen 0.06/turn                o - +4 ring of evasion
MPRegen 0.09/turn                t - +6 ring of intelligence

@: confused, lethally poisoned (-1 -> -10), ambrosia-drunk
A: fangs 2, magic shield, antimagic bite, no potion heal 2
a: no special abilities


You were on level 3 of the Dungeon.
You visited 1 branch of the dungeon, and saw 3 of its levels.

You collected 90 gold pieces.

Inventory:

Hand Weapons
 p - a +0 long sword of protection (weapon)
Armour
 b - a +0 scale mail (worn)
 c - a +0 buckler (worn)
 h - a +0 cloak (worn)
 k - a +0 pair of gloves (worn)
Jewellery
 o - a +4 ring of evasion (left hand)
 t - a +6 ring of intelligence (right hand)
Scrolls
 a - a scroll of immolation {unknown}
 e - 4 scrolls of identify {unknown}
 f - a scroll of acquirement {unknown}
 g - a scroll of magic mapping {unknown}
 i - a scroll of enchant armour {unknown}
 j - a scroll of teleportation {unknown}
 m - a scroll of enchant weapon {unknown}
Potions
 d - a potion of might
 l - a potion of attraction {unknown}
 n - a potion of degeneration {unknown}
 r - a potion of magic {unknown}
 s - a potion of ambrosia
 u - a potion of cancellation {unknown}


   Skills:
 - Level 2.6 Fighting
 + Level 3.7 Long Blades
 - Level 2.4 Armour
 - Level 2.6 Shields


You had 2 spell levels left.
You didn't know any spells.
Your spell library contained the following spells:

 Spells                   Type           Power      Damage    Failure   Level
 Freeze                   Ice            0%         1d3       77%         1
 Sting                    Tmut/Pois      0%         1d3       77%         1
 Poisonous Vapours        Pois/Air       0%         N/A       88%         2
 Frozen Ramparts          Ice            0%         1d1       98%         3
 Hailstorm                Conj/Ice       0%         3d3       100%        4
 Olgreb's Toxic Radiance  Pois           0%         N/A       100%        4


Dungeon Overview and Level Annotations

Branches:
Dungeon (3/15)

Altars:
Kikubaaqudgha

Shops:
D:2 =*


Innate Abilities, Weirdness & Mutations

You have extremely sharp teeth.
When hurt, damage is shared between your health and your magic reserves.
Your bite disrupts and absorbs the magic of your enemies.
Potions cannot restore your health.


Message History

The kobold throws a poisoned dart.
The poisoned dart hits you!
You are poisoned.
You feel sick.
A bat comes into view.
The hobgoblin hits you.
The bat moves out of view.
You closely miss the hobgoblin.
You bite the hobgoblin, but do no damage.
You feel very sick. The hobgoblin completely misses you.
The hobgoblin hits you but does no damage.
You closely miss the hobgoblin.
You bite the hobgoblin, but do no damage.
You feel sick. The hobgoblin closely misses you.
You barely miss the hobgoblin.
You feel sick.
The hobgoblin hits you but does no damage.
You slash the hobgoblin!
Your weapon exudes an aura of protection.
You kill the hobgoblin!
You feel sick. The bat hits you but does no damage.
The kobold throws a poisoned dart.
The poisoned dart hits you!
You are more poisoned.
The kobold throws a poisoned dart.
The poisoned dart hits you!
You are lethally poisoned!
You feel very sick. The bat misses you. The kobold barely misses you.
You are too injured to fight recklessly!
You are too injured to fight recklessly!
It was a potion of ambrosia.
You are confused.
Your system rejects the healing.
You feel invigorated.
* * * LOW HITPOINT WARNING * * *
You feel very sick. The bat barely misses you.
The kobold hits you but does no damage.
You miss the kobold.
* * * LOW HITPOINT WARNING * * *
You feel very sick. The bat hits you but does no damage.
The kobold hits you with a +0 short sword.
You're too confused to move!
You die...

.##.# .# .##.# ..#####
.##'######### .......
............# .......
............# ##.......
............# ##........
............###.†.......
....##########....b.....
.#..##..........@......^
.#..#>...........K......
<+..#..####."...........
.#.##..###..............
...##..##..†............
#####..#................
.......##.........<.....
######.###..............
..# ##..........


You could see a bat and a kobold.

Vanquished Creatures
  2 adders
  A dart slug (D:2)
  A worm (D:2)
  5 endoplasms
  2 giant cockroaches
  3 goblins
  3 hobgoblins
  A quokka (D:1)
  3 ball pythons
  3 bats
  A kobold (D:1)
  5 rats
30 creatures vanquished.

Notes
Turn   | Place    | Note
-------+----------+-------------------------------------------
     0 | D:1      | Plasmagod the Vine Stalker Fighter began the quest for the
                  | Orb.
     0 | D:1      | Reached XP level 1. HP: 11/11 MP: 2/2
    24 | D:1      | Reached skill level 2 in Long Blades
   255 | D:1      | Reached XP level 2. HP: 16/16 MP: 3/3
   659 | D:2      | Reached skill level 3 in Long Blades
   688 | D:2      | Found Kuetoq's Assorted Antiques.
   754 | D:2      | Reached XP level 3. HP: 19/19 MP: 4/4
   959 | D:2      | Identified the +2 ring mail "Eteneust" {Fly rF+ Stlth+}
   990 | D:2      | Found an ancient bone altar of Kikubaaqudgha.
  1038 | D:2      | Found Ajelioti's Jewellery Shop.
  1176 | D:3      | Succumbed to a kobold's poison

Illustrated notes

Levels and vault maps discovered:
D:1:      minmay_arrival_four_houses, layout_rooms, minivault_14
D:2:      layout_rooms, basic_altar, serial_shops, nicolae_diamond_shop,
          nicolae_shop_overgrown_old_shop
D:3:      layout_basic, uniq_crazy_yiuf_cottage

Skill      XL: |  1  2 |
---------------+-------+-----
Long Blades    | 2 3 |  3.7
Fighting       | |  2.6
Armour         | |  2.4
Shields        | |  2.6

Action                   || total
-------------------------++-------
Melee: Long sword        ||    66
       Bite              ||    13
  Use: Potion            ||     1
Armor: Scale mail        ||    24
Dodge: Dodged            ||    33
Block: Buckler           ||    16

Table legend: (Time is in decaauts)
 A = Elapsed time spent in this place.
 B = Non-inter-level travel time spent in this place.
 C = Inter-level travel time spent in this place.
 D = Time resting spent in this place.
 E = Time spent auto-exploring this place.
 F = Levels seen in this place.
 G = Mean time per level.
                   A        B        C        D        E       F      G
               +--------+--------+--------+--------+--------+-----+--------+
         Total |   1194 |   1161 |     33 |      0 |    920 |   3 |  398.0 |
       Dungeon |   1194 |   1161 |     33 |      0 |    920 |   3 |  398.0 |
               +--------+--------+--------+--------+--------+-----+--------+

Top non-repeatable levels by time:
     D:1: 651 daAuts
     D:2: 437 daAuts
     D:3: 105 daAuts
